[Event "*** MasterClass Titled Tuesday Blitz"]
[Site "Chess.com"]
[Date "2017.12.05"]
[Round "5"]
[White "cheese111"]
[Black "1e41-0"]
[Result "1-0"]
[WhiteElo "2434"]
[BlackElo "2349"]
[TimeControl "180+2"]
[EndTime "15:17:10 PST"]
[Termination "cheese111 won by checkmate"]

1. e4 c5 2. Nf3 e6 3. d3 d5 4. Qe2 Nf6 5. g3 Nc6 6. Bg2 g6 7. exd5 Nxd5 8. Bg5 Qc7 9. O-O Bg7 10.
c3 O-O 11. Na3 h6 12. Bd2 Rd8 13. Rfe1 e5 14. Nc4 f6 15. Nh4 Kf7 16. Nxg6 Kxg6 17. Bxd5 Bf5 18. Be4 Bxe4 19. dxe4 b5 20. Ne3 Ne7 21.
Rad1 c4 22. Qg4+ Kf7 23. Qh5+ Kg8 24. Ng4 Rd3 25. Bxh6 Qd6 26. Rxd3 cxd3 27. Bxg7 Kxg7 28. Qh6+ Kf7 29. Qh7+ Ke6 30. Qg7 Ng8 31. Rd1 Rd8 32. Ne3 Ne7 33. Nd5 Nxd5 34. Rxd3 Qc5 35. Rxd5 Rxd5 36.
Qg8+ Ke7 37. Qxd5 Qb6 38. h4 b4 39. h5 bxc3 40. bxc3 Qb1+ 41. Kg2 Qc1 42. Qg8 f5 43. exf5 Qxc3 44. Qe6+ Kd8 45. f6 Qd3 46. f7 Qe4+ 47. Kh2 Qf3 48. Qd6+ Kc8 49. f8=Q+ Kb7 50. Qfb8# 1-0

[Event "*** MasterClass Titled Tuesday Blitz"]
[Site "Chess.com"]
[Date "2017.12.05"]
[Round "5"]
[White "ppchess2017"]
[Black "TheMagician"]
[Result "0-1"]
[WhiteElo "1791"]
[BlackElo "2189"]
[TimeControl "180+2"]
[EndTime "15:17:14 PST"]
[Termination "TheMagician won by resignation"]

1. e4 d6 2. Nc3 e5 3. f4 Nf6 4.
Nf3 Bg4 5. Be2 Bxf3 6. Bxf3 Nc6 7. Ne2 d5 8. exd5 Nxd5 9. d4 exf4 10. Bxd5 Qxd5 11.
Bxf4 O-O-O 12. c3 Qxg2 13. Rg1 Qe4 14. Qd2 Re8 15. Kd1 Qf3 16. Re1 Be7 17. Kc2 Bh4 18. Ng3 Bxg3 19. Bxg3 Qf5+ 20. Qd3 Qxd3+ 21. Kxd3 Rxe1 22.
Rxe1 Kd7 23. d5 Ne7 24. c4 Nf5 25. Bf4 f6 26. Bd2 c6 27. Rf1 g6 28. Bc3 cxd5 29.
cxd5 Rf8 30. Bb4 Rf7 31. Re1 Ne7 32. Rxe7+ Rxe7 33. Bxe7 Kxe7 34. Kd4 Kd6 35. b4 f5 36. a4 g5 37. b5 h5 38. a5 b6 39. a6 h4 40. h3 g4 41. hxg4 fxg4 42. Ke4 h3 43.
Ke3 h2 0-1

[Event "*** MasterClass Titled Tuesday Blitz"]
[Site "Chess.com"]
[Date "2017.12.05"]
[Round "5"]
[White "AndrewMcStone"]
[Black "abubakrtagelsir"]
[Result "0-1"]
[WhiteElo "2101"]
[BlackElo "2298"]
[TimeControl "180+2"]
[EndTime "15:17:14 PST"]
[Termination "abubakrtagelsir won by resignation"]

1. d4 d5 2. c4 c6 3. Nc3 Nf6 4. e3 a6 5. Nf3 b5 6. c5 g6 7. h3 Bg7 8. Bd3 O-O 9. O-O Nfd7 10. e4 dxe4 11. Nxe4 e5 12. Bg5 f6 13. Qb3+ Kh8 14.
Nd6 exd4 15. Nxd4 Nxc5 16. Nf7+ Rxf7 17. Qxf7 Nxd3 18. Rad1 Ne5 19. Qb3 Qg8 20. Qxg8+ Kxg8 21. Bf4 Bd7 22. Bxe5 fxe5 23. Nf3 Ra7 24. Rfe1 Kf8 25. Nxe5 Bxe5 26. Rxe5 a5 27. Rd6 Na6 28. Re3 Nc5 29.
Rf3+ Ke7 30. Rdf6 Be6 31. Rf8 Rd7 32. Rh8 Kd6 33. Re3 a4 34. Kh2 Bxa2 35. Rf3 Be6 36. h4 b4 37. Re3 Bb3 38. Rb8 a3 39. Rxb4 a2 40. Re1 Kc7 41. Rf4 Rd1 42. Rxd1 Bxd1 43. Rf7+ Kb6 0-1

[Event "*** MasterClass Titled Tuesday Blitz"]
[Site "Chess.com"]
[Date "2017.12.05"]
[Round "5"]
[White "GeorgMeier"]
[Black "gmjoey1"]
[Result "1-0"]
[WhiteElo "2798"]
[BlackElo "2497"]
[TimeControl "180+2"]
[EndTime "15:17:20 PST"]
[Termination "GeorgMeier won by checkmate"]

1. Nf3 Nf6 2. g3 b6 3. Bg2 Bb7 4. c4 g6 5. b3 Bg7 6. Bb2 O-O 7. Nc3 c5 8. O-O d6 9. e3 e5 10. d4 e4 11. Ng5 Re8 12. dxc5 h6 13. Nb5 hxg5 14.
Nxd6 Qe7 15. Nxe8 Qxe8 16. Qd6 Nh5 17. Bxg7 Nxg7 18. cxb6 Nc6 19. Qc7 Nd8 20. bxa7 Rxa7 21.
Rfd1 Nge6 22. Qe5 Qe7 23. Qd6 Qf6 24. a4 Ra8 25. a5 Nc6 26. a6 Rd8 27. Qa3 Ba8 28.
Rxd8+ Qxd8 29. b4 Ne5 30. Qc3 Nf3+ 31. Bxf3 exf3 32. b5 Qd7 33. Kh1 Nc5 34. Qe1 Ne4 35. b6 Qh3 36. Qg1 Bc6 37. b7 Nf6 38. b8=Q+ Kg7 39.
Qe5 Qd7 40. a7 Ba8 41. g4 Qc6 42. h3 Kh7 43. Rd1 Ne4 44. Rd8 f6 45. Qe7+ Kh6 46. Rh8# 1-0

[Event "*** MasterClass Titled Tuesday Blitz"]
[Site "Chess.com"]
[Date "2017.12.05"]
[Round "5"]
[White "Bryakin_Mikhail"]
[Black "michaelk123"]
[Result "1-0"]
[WhiteElo "2559"]
[BlackElo "2290"]
[TimeControl "180+2"]
[EndTime "15:17:22 PST"]
[Termination "Bryakin_Mikhail won by resignation"]

1. b3 e5 2. Bb2 Nc6 3. Nf3 e4 4. Nd4 Nf6 5. Nxc6 dxc6 6. e3 Be7 7. d3 O-O 8. Nd2 Bg4 9. Be2 Bxe2 10. Qxe2 exd3 11.
cxd3 Qd7 12. d4 Rfe8 13. O-O a5 14. a3 Nd5 15. Rac1 Bf6 16. Qd3 h5 17. Ne4 Be7 18. h3 Qf5 19. Nc5 Qxd3 20. Nxd3 Bd6 21. Rfe1 f5 22. Ne5 Bxe5 23. dxe5 Rad8 24. Red1 Re6 25. Rc4 Kf7 26. Rd3 Ke7 27. Kf1 g5 28. h4 g4 29.
g3 b6 30. Ke2 c5 31. Rc1 Rd7 32. Rcd1 c6 33. Rc1 Rc7 34. Rc4 Rb7 35. e4 fxe4 36.
Rxe4 b5 37. Bc1 c4 38. bxc4 bxc4 39. Rxc4 Rxe5+ 40. Kd1 Rd7 41. Bg5+ Kf7 42. Rd2 Rf5 43. Rxc6 Rf3 44. Rc5 Nc3+ 45. Rxc3 Rxc3 46. Rxd7+ Ke6 47. Rh7 Rxa3 48. Rxh5 Ra1+ 49. Ke2 a4 50. Bd2 a3 51. Ra5 a2 52. Be3 Kf6 53. Bd4+ 1-0

[Event "*** MasterClass Titled Tuesday Blitz"]
[Site "Chess.com"]
[Date "2017.12.05"]
[Round "5"]
[White "penguingm1"]
[Black "Jumbo"]
[Result "1-0"]
[WhiteElo "2627"]
[BlackElo "2468"]
[TimeControl "180+2"]
[EndTime "15:17:26 PST"]
[Termination "penguingm1 won by resignation"]

1. d4 Nf6 2. c4 e6 3. Nc3 Bb4 4. Qc2 O-O 5. Nf3 b6 6. e4 d5 7. cxd5 exd5 8. e5 Ne4 9. Bd3 f5 10. O-O c6 11. Ne1 Bxc3 12. bxc3 Ba6 13. f3 Ng5 14. Bxg5 Qxg5 15. f4 Qe7 16. c4 Qd7 17.
Rd1 dxc4 18. Bxc4+ Bxc4 19. Qxc4+ Qd5 20. Qxd5+ cxd5 21. Rc1 Na6 22. Nd3 Rfc8 23. Kf2 Rc4 24. Ke3 Rac8 25.
Kd2 Kf7 26. h3 h5 27. g4 hxg4 28. hxg4 fxg4 29. f5 Rxc1 30. Nxc1 Nb4 31. a3 Nc2 32.
Rf4 g3 33. Ne2 Rc4 34. Rg4 g2 35. Kd3 Ne1+ 36. Ke3 Rc2 37. Nf4 Rc3+ 38. Ke2 Rc4 39. e6+ Ke8 40. Kxe1 Rxd4 41. Kf2 Rd2+ 42. Kg1 Rd4 43.
Kxg2 Ra4 44. Kf2 a5 45. Rh4 b5 46. Rh8+ Ke7 47. Ng6+ Kf6 48. e7 1-0

[Event "*** MasterClass Titled Tuesday Blitz"]
[Site "Chess.com"]
[Date "2017.12.05"]
[Round "5"]
[White "kanachess88"]
[Black "sandager"]
[Result "1-0"]
[WhiteElo "2261"]
[BlackElo "1978"]
[TimeControl "180+2"]
[EndTime "15:17:41 PST"]
[Termination "kanachess88 won by resignation"]

1. e4 e5 2. Nf3 Nc6 3. Bb5 a6 4.
Bxc6 dxc6 5. d3 Nf6 6. Nbd2 Bd6 7. Nc4 Qe7 8. Bg5 h6 9. Bh4 Bg4 10. h3 Bd7 11. Qe2 O-O-O 12. O-O-O g5 13. Bg3 Nh5 14. Bxe5 Nf4 15. Qf1 f6 16. Nxd6+ cxd6 17. Bxf4 gxf4 18. g4 Be6 19. a3 d5 20. Re1 Qd7 21. Qe2 Rhe8 22.
Nd2 Bf7 23. Qf3 Qc7 24. Rhg1 Bg6 25. exd5 cxd5 26. Rxe8 Bxe8 27. Re1 Ba4 28. b3 Bc6 29. Qe2 Kb8 30. Qe7 Qb6 31. Qxf6 Rc8 32. Qxf4+ Ka8 33.
Kb2 Qa5 34. Re7 Qb6 35. Rf7 Bb5 36. Rf8 Rxf8 37. Qxf8+ Ka7 38. Qb4 Qc7 39. a4 Bc6 40. Qc5+ b6 41. Qd4 Qd7 42. f4 a5 43. f5 Ka6 44. Nf3 b5 45. Ne5 Qd6 46. Nxc6 Qxc6 47. axb5+ Qxb5 48. f6 Qd7 49. Qc5 Kb7 50. Qe7 Kc6 51.
Qxd7+ Kxd7 52. Kc3 Ke6 53. Kd4 Kxf6 54. Kxd5 Kg5 55.
Ke4 Kh4 56. Kf4 Kxh3 57. d4 Kh4 58. d5 Kh3 59. d6 Kg2 60. d7 Kf2 61. d8=Q Ke2 62.
c4 1-0

[Event "*** MasterClass Titled Tuesday Blitz"]
[Site "Chess.com"]
[Date "2017.12.05"]
[Round "5"]
[White "wonderfultime"]
[Black "yurisolo"]
[Result "0-1"]
[WhiteElo "2732"]
[BlackElo "2503"]
[TimeControl "180+2"]
[EndTime "15:17:44 PST"]
[Termination "yurisolo won by resignation"]

1. d4 d5 2. Bf4 c5 3. dxc5 Nc6 4.
Nf3 e6 5. c3 Bxc5 6. e3 Nf6 7.
Nbd2 O-O 8. Be2 Re8 9. O-O e5 10. Bg3 Bf5 11. Rc1 Bd6 12. Nb3 Qe7 13. Bh4 Rad8 14.
Nbd2 h6 15. Re1 Qe6 16. Qb3 Rd7 17. c4 e4 18. Nd4 Nxd4 19. exd4 Bf4 20. Rcd1 e3 21.
Nf1 exf2+ 22. Bxf2 Rde7 23. cxd5 Qxd5 24. Bc4 Qa5 25.
Rxe7 Rxe7 26. Qf3 Bg4 27. Qxf4 Bxd1 28. Qb8+ Ne8 29. Bh4 Qc7 30. Qa8 g5 31. Bb5 gxh4 32.
Bxe8 Kg7 33. Bb5 Qb6 34. a4 Qxd4+ 35. Kh1 Be2 36. Qc8 Bxb5 37. axb5 Qf2 38. Qc3+ Qf6 39. Qc4 Re1 40. Kg1 Qxb2 41. Qg4+ Kh7 42. Qf5+ Kg8 43. Qg4+ Kf8 44. Qc8+ Re8 45. Qxb7 Qd4+ 46.
Kh1 Qf2 47. Qf3 Qxf3 48. gxf3 Re5 49. Kg2 Rxb5 50. Ne3 a5 51. Nc4 a4 0-1

[Event "*** MasterClass Titled Tuesday Blitz"]
[Site "Chess.com"]
[Date "2017.12.05"]
[Round "5"]
[White "ENEASZ"]
[Black "Indianlad"]
[Result "0-1"]
[WhiteElo "2419"]
[BlackElo "2596"]
[TimeControl "180+2"]
[EndTime "15:17:50 PST"]
[Termination "Indianlad won by resignation"]

1. e4 e5 2. Nf3 Nc6 3. Bc4 Bc5 4. c3 Nf6 5. d4 exd4 6. O-O Nxe4 7. cxd4 d5 8. dxc5 dxc4 9. Qxd8+ Kxd8 10. Rd1+ Bd7 11. Ng5 Nxg5 12. Bxg5+ Kc8 13. Na3 Be6 14. Rac1 Nb4 15.
Nxc4 Nxa2 16. Rc2 Nb4 17. Rcc1 Nc6 18. h3 a5 19. Na3 f6 20. Bf4 Rd8 21. Nb5 Ne5 22.
Rxd8+ Kxd8 23. Rd1+ Bd7 24. f3 a4 25. Bxe5 fxe5 26. Nc3 Ra5 27. Rd5 Kc8 28. Kf2 Bc6 29.
Rxe5 b6 30. Rg5 g6 31. Re5 Kd7 32. h4 a3 33. bxa3 Rxa3 34. Ne2 b5 35. h5 b4 36. h6 Rd3 37. Nf4 Rc3 38. Nxg6 b3 39. Nf8+ Kc8 40. Nxh7 b2 41. Re1 Rc1 42. Re6 b1=Q 43. Rxc6 Qxh7 44. g4 Qc2+ 45. Kg3 Rg1+ 46. Kh4 Qd2 47.
Kh5 Rh1+ 48. Kg6 Rxh6+ 49. Kg7 Qg5+ 0-1

[Event "*** MasterClass Titled Tuesday Blitz"]
[Site "Chess.com"]
[Date "2017.12.05"]
[Round "5"]
[White "chidori_boruto"]
[Black "Dr_Nezard"]
[Result "1-0"]
[WhiteElo "2527"]
[BlackElo "2291"]
[TimeControl "180+2"]
[EndTime "15:17:51 PST"]
[Termination "chidori_boruto won by resignation"]

1. d4 Nf6 2. Nf3 g6 3. Bf4 Bg7 4. e3 O-O 5. Be2 c5 6. c3 Qb6 7.
Qb3 d6 8. O-O Be6 9. Qxb6 axb6 10. a3 Bd7 11. h3 Rc8 12. Nbd2 b5 13. Rfd1 b6 14. Bf1 Be8 15. g4 h6 16. Bg3 Ra7 17. e4 Bc6 18. Re1 b4 19. axb4 Rxa1 20. Rxa1 Nxe4 21. Nxe4 Bxe4 22. Nd2 Bc6 23. dxc5 dxc5 24.
b5 Be8 25. Ra8 e5 26. Nc4 Rd8 27. Nxe5 Nc6 28. Rxd8 Nxd8 29. Nc4 Bxb5 30. Nxb6 Bc6 31. Bd6 Ne6 32. Bc4 Ng5 33. Bd5 Bxd5 34. Nxd5 Ne4 35.
Be7 Bf8 36. Bf6 Bd6 37. f3 Nd2 38. Kf2 Nc4 39. b3 Na5 40. b4 cxb4 41. cxb4 Nb3 42. Ke3 Kf8 43. Kd3 Nc1+ 44. Kd2 Nb3+ 45. Kc2 Bxb4 46. Nxb4 Nc5 47. Nd5 Nd7 48. Kd3 Ke8 49. h4 Nc5+ 50. Ke3 Ne6 51. f4 Kd7 52. f5 gxf5 53.
gxf5 Nf8 54. Bg7 Nh7 55. Bxh6 Kd6 56. Ke4 Kc6 57. Bg7 Kd6 58. Nf6 Nxf6+ 59. Bxf6 1-0

[Event "*** MasterClass Titled Tuesday Blitz"]
[Site "Chess.com"]
[Date "2017.12.05"]
[Round "5"]
[White "kleinebeer98"]
[Black "joppie2"]
[Result "1/2-1/2"]
[WhiteElo "2479"]
[BlackElo "2603"]
[TimeControl "180+2"]
[EndTime "15:17:53 PST"]
[Termination "Game drawn - insufficient material"]

1. e4 e5 2. Nf3 Nc6 3. Nc3 Nf6 4. h3 Bb4 5. Bd3 d5 6. exd5 Nxd5 7. Nxd5 Qxd5 8.
O-O O-O 9. Qe2 Re8 10. Bc4 Qd8 11. c3 Bd6 12. Re1 h6 13. d4 Bd7 14. dxe5 Nxe5 15. Nxe5 Rxe5 16. Be3 Qh4 17. Bb3 Bxh3 18. Qf3 Be6 19.
Bxe6 Rxe6 20. Qxb7 Rae8 21. g3 Bxg3 22. fxg3 Qxg3+ 23. Qg2 Rxe3 24. Qxg3 Rxg3+ 25. Kf2 Rxe1 26. Rxe1 Rd3 27. Re8+ Kh7 28. Re7 Rd2+ 29. Ke3 Rxb2 30.
Rxf7 Rxa2 31. Rxc7 h5 32. Kf4 Kh6 33. Rc8 g5+ 34.
Kf5 Rf2+ 35. Ke4 g4 36. Rg8 a5 37. c4 a4 38. c5 a3 39. c6 a2 40. Ra8 g3 41. c7 Rc2 42. Rxa2 Rxc7 43. Kf4 Rc3 44.
Ra6+ Kg7 45. Ra5 h4 46. Rh5 Rc4+ 47. Kf3 Kg6 48. Rh8 Rc3+ 49. Kf4 h3 50. Rxh3 g2 51.
Rxc3 g1=Q 52. Rg3+ Qxg3+ 53. Kxg3 1/2-1/2

[Event "*** MasterClass Titled Tuesday Blitz"]
[Site "Chess.com"]
[Date "2017.12.05"]
[Round "5"]
[White "jefferyx"]
[Black "Sam_ChessMood"]
[Result "1-0"]
[WhiteElo "2785"]
[BlackElo "2621"]
[TimeControl "180+2"]
[EndTime "15:17:54 PST"]
[Termination "jefferyx won by resignation"]

1. d4 d5 2. c4 c6 3. Nf3 Nf6 4. Qb3 e6 5. Bf4 a5 6. e3 a4 7. Qc2 a3 8. b3 Na6 9. Be2 Nb4 10. Qc1 Qa5 11. O-O Be7 12. Ne5 O-O 13. Nc3 Nd7 14.
Nxd7 Bxd7 15. c5 e5 16. Bxe5 Bf5 17. Qd2 Rfe8 18. Bf4 Bf6 19. Rac1 h6 20. Na4 Nd3 21. Qxa5 Rxa5 22. Bxd3 Bxd3 23. Rfd1 Bf5 24. Bc7 Raa8 25. Nb6 Ra6 26. Rc3 g5 27. f3 h5 28. Kf2 Kg7 29.
Re1 Kg6 30. Re2 g4 31. Ke1 Bg5 32. Kd2 h4 33. fxg4 Bxg4 34. Rf2 Re4 35. Bf4 Bf6 36.
Rc1 Bg7 37. Rcf1 Be6 38. Na4 Bg4 39. h3 Bh5 40. Nb6 f6 41. Bc7 Re6 42. Bd8 Ra7 43. Rf4 Bh6 44. Rxf6+ Rxf6 45. Rxf6+ Kg7 46. Rd6 Ra5 47.
Bxh4 Rb5 48. Bf6+ Kh7 49. Be5 Bg6 50. Rd7+ Kg8 51. Rxb7 Bb1 52. Ra7 Bxa2 53. Rxa3 Bxb3 54. Ra8+ Kf7 55. Ra7+ Kg6 56. Rc7 Ba2 57. Rxc6+ Kh7 58. Rc7+ Kg6 59. Bf4 Rb2+ 60. Kc3 Rb3+ 61. Kc2 Bxf4 62. exf4 Rg3 63. c6 Rxg2+ 64. Kc3 1-0

[Event "*** MasterClass Titled Tuesday Blitz"]
[Site "Chess.com"]
[Date "2017.12.05"]
[Round "5"]
[White "ChessMavenYeti"]
[Black "Saitama_Hero"]
[Result "1/2-1/2"]
[WhiteElo "2064"]
[BlackElo "2100"]
[TimeControl "180+2"]
[EndTime "15:18:05 PST"]
[Termination "Game drawn by agreement"]

1. d4 Nf6 2. c4 g6 3. Nc3 d5 4.
Nf3 Bg7 5. Bg5 Ne4 6. cxd5 Nxg5 7. Nxg5 e6 8. Qd2 h6 9. Nf3 exd5 10. e3 O-O 11. Bd3 c6 12. O-O Qe7 13. Rab1 Nd7 14. b4 a6 15. a4 Nb6 16. b5 cxb5 17. axb5 a5 18. Rfc1 Be6 19. Ne5 Rfc8 20. Rc2 Qd6 21. f4 Nc4 22. Nxc4 dxc4 23. Be4 Rab8 24. b6 Bf6 25.
Bf3 Bd8 26. Ne4 Qe7 27. Qxa5 Bf5 28. Qe5 Qa3 29. Kh1 Bh4 30. Rxc4 Re8 31. Qc5 Qxe3 32. Rc3 Qxf4 33. g3 Rbc8 34. Qxc8 Qxf3+ 35. Rxf3 Rxc8 36. Nd6 Bxb1 37. Nxc8 Be4 38. Kg2 Bd8 39. Kf2 Bxf3 40. Kxf3 Kf8 41. Ke4 Ke8 42. Nd6+ Ke7 43. Nc4 Ke6 44. d5+ Kd7 45. Ke5 f6+ 46. Kd4 Be7 47. Na5 Kc8 48. Nc4 Kd7 49. Na5 Kc8 50. h3 Bd6 51. g4 f5 52. gxf5 gxf5 53. Nc4 Bb8 54. d6 Kd7 55. Ke5 f4 56. Kxf4 Bxd6+ 57. Nxd6 Kxd6 58.
Kf5 Kc6 59. Kg6 Kxb6 60. Kxh6 Kc6 61. Kg6 b5 62. h4 b4 63. h5 b3 64. h6 b2 65. h7 b1=Q+ 66. Kg7 Qg1+ 67. Kh8 1/2-1/2

[Event "*** MasterClass Titled Tuesday Blitz"]
[Site "Chess.com"]
[Date "2017.12.05"]
[Round "5"]
[White "FMJoseHerrera"]
[Black "AbdAlAgathos"]
[Result "1-0"]
[WhiteElo "2444"]
[BlackElo "2298"]
[TimeControl "180+2"]
[EndTime "15:18:14 PST"]
[Termination "FMJoseHerrera won by resignation"]

1. Nf3 Nf6 2. g3 g6 3. Bg2 Bg7 4. h4 h6 5. d3 d5 6. O-O Nc6 7.
Nc3 d4 8. Nb1 Bg4 9. Re1 Qd7 10.
Nbd2 O-O-O 11. b4 Nd5 12. Ne4 Nc3 13. Nxc3 dxc3 14. b5 Bxf3 15. exf3 Nd4 16. a4 g5 17. hxg5 hxg5 18. Bxg5 Rh5 19. Rxe7 Qf5 20. Bf4 Ne6 21.
b6 axb6 22. a5 bxa5 23. Bxc7 Nxc7 24. g4 Qg5 25. Rxc7+ Kxc7 26. gxh5 Bd4 27. f4 Qxf4 28. Qf3 Qxf3 29. Bxf3 b6 30. Ra4 Bc5 31. Rc4 Kd6 32. Rxc3 b5 33. Rb3 b4 34. c4 a4 35. Rb1 b3 36. Bd1 Bd4 37. Kf1 Kc5 38. Bxb3 axb3 39. Rxb3 Rh8 40. Rb5+ Kc6 41. Ke2 Rh6 42. Rf5 f6 43. Kf3 Rh8 44. Ke4 Rd8 45. h6 Ba1 46. h7 Rd4+ 47. Ke3 Rh4 48. Ra5 Bd4+ 49. Kf3 Rxh7 50.
Ke4 Rd7 51. f4 Bb6 52. Ra3 Rd4+ 53. Kf5 Rd6 54. Rb3 Bd4 55. Rb5 Bc3 56. Rb8 Rxd3 57.
Rc8+ Kd6 58. Rd8+ Kc5 59. Rxd3 Kxc4 60. Rd8 Ba1 61. Ke6 1-0

[Event "*** MasterClass Titled Tuesday Blitz"]
[Site "Chess.com"]
[Date "2017.12.05"]
[Round "5"]
[White "Rsnr"]
[Black "Alexander_Moskalenko"]
[Result "0-1"]
[WhiteElo "2631"]
[BlackElo "2750"]
[TimeControl "180+2"]
[EndTime "15:18:18 PST"]
[Termination "Alexander_Moskalenko won by resignation"]

1. d4 Nf6 2. c4 c5 3. d5 b5 4. Qc2 a6 5. e4 bxc4 6. Bxc4 d6 7. Nf3 g6 8. O-O Bg4 9. Nfd2 Bg7 10. Nc3 O-O 11. h3 Bd7 12. Be2 Ra7 13. Nc4 Bb5 14. Bf4 Nbd7 15. Rfd1 Qc7 16. Rac1 Rb8 17. b3 Ne8 18. Qd2 Nb6 19. Ne3 Nd7 20. Nc4 Bd4 21. Be3 Bxe3 22. Qxe3 Nb6 23. Nd2 Bxe2 24.
Qxe2 Nd7 25. f4 Ng7 26. Qe3 e5 27. dxe6 fxe6 28. Nc4 Ne8 29. Qd3 Rb4 30. Nxd6 Nxd6 31. Qxd6 Qxd6 32. Rxd6 Kf7 33. Rcd1 Ke7 34. Kf2 c4 35.
R1d4 e5 36. fxe5 Nxe5 37. R6d5 Ke6 38. Ke3 a5 39. Na4 cxb3 40. Nc5+ Kf6 41. axb3 h5 42. Rd6+ Kg5 43. Ne6+ Kh4 44. Nf4 Rxb3+ 45. Kf2 Rf7 46. R6d5 Rxf4+ 47. Kg1 Nc6 48. Rc4 Nb4 49. Rxa5 Nd3 50.
Kh2 Nf2 51. Rb4 Ng4+ 52. hxg4 Rxb4 53. g3+ Kxg4 54. gxf4 Kxf4 55. e5 Re4 56. Ra6 Kg5 57. e6 Kf6 58. e7+ Kf7 59. Kg3 Rxe7 60. Kf4 Re6 61.
Ra8 Kf6 62. Rf8+ Kg7 63. Ra8 Rf6+ 0-1

[Event "*** MasterClass Titled Tuesday Blitz"]
[Site "Chess.com"]
[Date "2017.12.05"]
[Round "5"]
[White "JoachimBN"]
[Black "GMKrikor"]
[Result "1-0"]
[WhiteElo "2528"]
[BlackElo "2633"]
[TimeControl "180+2"]
[EndTime "15:18:18 PST"]
[Termination "JoachimBN won by resignation"]

1. d4 Nf6 2. Bf4 d5 3. e3 c5 4. Nd2 Nc6 5. c3 cxd4 6. exd4 Bf5 7. Qb3 Qc8 8. Ngf3 e6 9. Nh4 Bg4 10. f3 Bh5 11. g4 Bg6 12. Nxg6 hxg6 13. Be2 Qd7 14.
O-O-O Bd6 15. Bg3 g5 16. Kb1 O-O-O 17. Qa4 Kb8 18. Nb3 Qc7 19. Nc5 Ka8 20. Bb5 Nb8 21.
Nd3 a6 22. Ne5 Rhf8 23. Rhe1 Nfd7 24. Nxd7 Nxd7 25. Bxd6 Qxd6 26. Bxd7 Qxd7 27. Qxd7 Rxd7 28. Re5 Rh8 29. Rxg5 f6 30. Rh5 Rdd8 31. Rxh8 Rxh8 32. Re1 Re8 33. h4 Kb8 34. h5 Kc7 35. f4 Kd6 36. Kc2 Rh8 37. Kd3 f5 38. gxf5 exf5 39. Rg1 Rxh5 40.
Rg6+ Kd7 41. Rxg7+ Kc6 42. Rg6+ Kd7 43. Rg5 Rh3+ 44.
Kc2 Ke6 45. Rg6+ Ke7 46. Rb6 Rf3 47. Rxb7+ Ke6 48. Rb6+ Ke7 49. Rxa6 Rxf4 50. Kd3 Rf2 51. b4 f4 52. a4 Rf1 53. a5 Kf7 54. Rd6 f3 55. Rxd5 Ke6 56. Re5+ Kd6 57. Rf5 1-0

[Event "*** MasterClass Titled Tuesday Blitz"]
[Site "Chess.com"]
[Date "2017.12.05"]
[Round "5"]
[White "Scott-fox21"]
[Black "ncdogan"]
[Result "1/2-1/2"]
[WhiteElo "2204"]
[BlackElo "2397"]
[TimeControl "180+2"]
[EndTime "15:18:27 PST"]
[Termination "Game drawn by agreement"]

1. d4 Nf6 2. c4 e6 3. Nc3 Bb4 4. a3 Bxc3+ 5. bxc3 O-O 6. e3 b6 7. Bd3 Nc6 8. e4 d6 9. Bg5 h6 10. Bh4 e5 11. Nf3 Ba6 12. O-O Qe7 13. Qd2 Na5 14. Qe2 c5 15. Nd2 g5 16. Bg3 Rac8 17.
Nf3 Nd7 18. dxe5 dxe5 19. Nd2 Qe6 20. h4 f6 21. Qh5 Kg7 22. Be2 Qf7 23. Qg4 Rcd8 24.
Rad1 Nb8 25. Nf3 h5 26. Qf5 Bc8 27. Nxg5 Bxf5 28. Nxf7 Rxd1 29. Rxd1 Bxe4 30. Nd8 Rh8 31. Ne6+ Kf7 32. Nc7 Bg6 33. Nb5 a6 34. Nd6+ Ke6 35.
Rd2 Rd8 36. Ne4 Rxd2 37. Nxd2 Nbc6 38. Bf3 Ne7 39. Be2 Nf5 40. Ne4 Ne7 41. f3 Bf7 42. Bf2 Nc8 43. g4 Nd6 44. gxh5 Bxh5 45. Bxc5 Nxe4 46.
Bxb6 Nxc3 47. Bxa5 Nxe2+ 48. Kf2 Nd4 49. c5 Kd5 50.
Bd8 f5 51. Bf6 Bxf3 52. c6 Ke6 53. c7 Bb7 54. Bg7 Nb5 55. h5 Kf7 56. h6 Nxc7 57. Bxe5 Kg6 58. Bxc7 Kxh6 59. Ke3 Kg6 60. Kf4 Be4 61. Bd6 Kf7 62. Bb4 Ke6 63. Bc5 Kd5 64. Be7 Kc4 65. Bf8 Kb3 66. Be7 1/2-1/2

[Event "*** MasterClass Titled Tuesday Blitz"]
[Site "Chess.com"]
[Date "2017.12.05"]
[Round "5"]
[White "LuisFSiles"]
[Black "pulvettd"]
[Result "1/2-1/2"]
[WhiteElo "2235"]
[BlackElo "2241"]
[TimeControl "180+2"]
[EndTime "15:18:36 PST"]
[Termination "Game drawn by repetition"]

1. d4 Nf6 2. c4 g6 3. Nc3 Bg7 4. e4 d6 5. Nf3 O-O 6. Be2 e5 7. O-O Nc6 8. d5 Ne7 9. b4 Nh5 10. Re1 a5 11. Ba3 axb4 12. Bxb4 Nf4 13. Bf1 Bg4 14. h3 Bxf3 15. Qxf3 c5 16. dxc6 Nxc6 17.
a3 Nd4 18. Qd1 f5 19. g3 Nfe6 20. exf5 gxf5 21. Bg2 e4 22. Rb1 Nc5 23. Bxc5 dxc5 24. Rxb7 Rxa3 25. Nd5 Qa5 26. Rf1 Nf3+ 27. Bxf3 Rxf3 28.
Ne7+ Kh8 29. Qd7 Qc3 30. Kg2 f4 31. Nd5 Qe5 32. g4 Rg8 33. Ne7 Qc3 34. Nxg8 Rg3+ 35. fxg3 Qxg3+ 36. Kh1 Qxh3+ 37. Kg1 Qg3+ 38. Kh1 Qh3+ 39.
Kg1 Bd4+ 40. Qxd4+ cxd4 41. Nf6 Qg3+ 42. Kh1 Qh3+ 43.
Kg1 Qg3+ 44. Kh1 Qh4+ 45. Kg1 Qxf6 46. Rfb1 Qh4 47. Rb8+ Kg7 48. R1b7+ Kf6 49. Rb6+ Kf7 50. R8b7+ Ke8 51. Rb8+ Kd7 52. R8b7+ Kc8 53. Rb8+ Kc7 54. R8b7+ Kd8 55. Rb8+ Ke7 56. R8b7+ Kf8 57. Rb8+ Kg7 58.
R8b7+ Kf8 59. Rb8+ Kf7 60. R8b7+ Ke8 61. Rb8+ Kf7 62.
R8b7+ Ke8 63. Rb8+ Kf7 64. R8b7+ Kg8 65. Rb8+ Kg7 66.
R8b7+ Kf8 67. Rb8+ Ke7 68. R8b7+ Kd8 69. Rb8+ Kc7 70.
R8b7+ Kc8 71. Rb8+ Kd7 72. R8b7+ Ke8 73. Rb8+ Kf7 1/2-1/2

[Event "*** MasterClass Titled Tuesday Blitz"]
[Site "Chess.com"]
[Date "2017.12.05"]
[Round "5"]
[White "nurmiTV"]
[Black "Mistheoretical"]
[Result "1/2-1/2"]
[WhiteElo "2462"]
[BlackElo "2274"]
[TimeControl "180+2"]
[EndTime "15:18:41 PST"]
[Termination "Game drawn by repetition"]

1. c4 Nf6 2. Nc3 Nc6 3. g3 e5 4.
Bg2 Bc5 5. e3 d6 6. Nge2 a6 7.
a3 O-O 8. O-O Bf5 9. d4 Ba7 10.
h3 h6 11. b4 exd4 12. exd4 Re8 13. Bb2 Rb8 14. Nd5 Be4 15. Nef4 Bxg2 16. Kxg2 Re4 17. Qd3 Re8 18. Rae1 Nxd5 19. Nxd5 Qd7 20. Re3 Ne7 21. Nxe7+ Rxe7 22. Rfe1 Rbe8 23. g4 c6 24. R1e2 d5 25.
c5 Bb8 26. Bc1 Re6 27. Qd1 R8e7 28. Qe1 Qe8 29. a4 Kh7 30. Rxe6 Rxe6 31. Rxe6 Qxe6 32. Qe3 Qxe3 33. fxe3 g6 34. Kf3 f5 35. Bd2 Kg7 36.
Be1 Bc7 37. Bg3 Bd8 38. Be5+ Kf7 39. Bf4 h5 40. gxh5 gxh5 41. Bg3 Kg6 42. Bf4 Bh4 43. Bg3 Bg5 44. Bf4 Bf6 45. Bg3 Bd8 46. Be5 Bh4 47. Bc7 Be1 48. Ba5 Bd2 49. Ke2 Bc3 50.
Kf3 Kg5 51. Bd8+ Kg6 52. Ba5 Bd2 53. Ke2 Bc3 54. Kd3 Be1 55. Ke2 Bc3 56. Kf3 Be1 57. Kf4 Bd2 58. Kf3 Be1 59. Ke2 Bh4 60. Bc7 Bf6 61.
Kf3 Kg5 62. Bg3 Be7 63. Be1 Kg6 64. Bg3 Bd8 65. Be5 Bh4 66. Bg3 Bd8 67. Kf4 Bc7+ 68. Kf3 Bd8 1/2-1/2

[Event "*** MasterClass Titled Tuesday Blitz"]
[Site "Chess.com"]
[Date "2017.12.05"]
[Round "5"]
[White "likantrophuss"]
[Black "saraswathii"]
[Result "1-0"]
[WhiteElo "2463"]
[BlackElo "2293"]
[TimeControl "180+2"]
[EndTime "15:18:42 PST"]
[Termination "likantrophuss won by resignation"]

1. Nf3 Nc6 2. c4 e5 3. Nc3 Nf6 4. g3 Bb4 5. Bg2 d6 6. O-O O-O 7. a3 Bc5 8. b4 Bb6 9. d3 a6 10. Bb2 h6 11. e3 Be6 12. Qc2 Qe7 13. Nd2 Rad8 14. Kh1 Qd7 15. Nd5 Bxd5 16. cxd5 Ne7 17.
e4 c6 18. Nc4 Ba7 19. dxc6 Nxc6 20. Ne3 Nd4 21. Bxd4 Bxd4 22. Rac1 Rc8 23. Qb3 Bxe3 24. fxe3 Qg4 25. Qb2 Qg5 26. Qd2 h5 27. Bh3 Rxc1 28.
Qxc1 h4 29. Rf5 Qg6 30. Qe1 hxg3 31. hxg3 d5 32. exd5 Nxd5 33. e4 Nf6 34. Rxe5 Rd8 35. Qe3 Nh5 36. Kg2 Nf6 37. d4 Ne8 38. d5 Nd6 39.
Bf5 Qf6 40. Qf4 Nc4 41. Bh7+ Kxh7 42. Qxf6 gxf6 43. Re7 Nd6 44. Kf3 Kg6 45. a4 Rc8 46. Rd7 Nc4 47. Rxb7 Ne5+ 48. Ke2 Rc2+ 49. Ke3 Rc3+ 50.
Kd4 Rxg3 51. b5 axb5 52. axb5 Rb3 53. b6 Kg5 54. d6 Kf4 55. Kc5 Rd3 56. Rc7 Kxe4 57. b7 Rb3 58. d7 Nxd7+ 59. Rxd7 Ke5 60. Re7+ Kf5 61. Rxf7 Ke6 62. Rc7 f5 63. Rc6+ Kd7 64.
Rb6 Rc3+ 65. Kd4 1-0